 Dungeon Crawl Stone Soup version 0.21-a0-19-g210df22 (webtiles) character file.

860 DeathSoljah the Fighter (level 7, -3/105 HPs)
             Began as a Minotaur Berserker on May 24, 2017.
             Was a Believer of Trog.
             Slain by an ogre
             ... wielding a +0 giant spiked club
              (11 damage)
             ... on level 5 of the Dungeon.
             The game lasted 00:19:27 (4293 turns).

DeathSoljah the Fighter (Minotaur Berserker)        Turns: 4293, Time: 00:19:28

Health: -3/105     AC: 23    Str: 23    XL:     7   Next: 71%
Magic:  6/6        EV:  2    Int:  4    God:    Trog [**....]
Gold:   0          SH:  0    Dex: 10    Spells: 6/6 levels left

rFire    . . .     SeeInvis .   D - +2 whip (flame)
rCold    + . .     Gourm    .   (no shield)
rNeg     + + +     Faith    .   (armour currently unavailable)
rPois    +         Spirit   .   (helmet currently unavailable)
rElec    .         Reflect  .   (cloak currently unavailable)
rCorr    .         Harm     .   (gloves currently unavailable)
MR       .....     NoTele   +   (boots currently unavailable)
Stlth    +.........             (no amulet)
Regen    0.3/turn               i - ring of positive energy
MPRegen  0.1/turn               f - ring of protection from cold

@: tree-form, berserk cooldown, slowed, very slow
A: (retaliatory headbutt), rugged brown scales 1, blurry vision 1
a: Berserk, Trog's Hand, Burn Spellbooks, Renounce Religion


You were on level 5 of the Dungeon.
You worshipped Trog.
Trog was pleased with you.
You were near starving.
You were a tree.
You visited 1 branch of the dungeon, and saw 5 of its levels.

You collected 252 gold pieces.
You spent 252 gold pieces at shops.

Inventory:

Hand Weapons
 a - a +0 hand axe
 e - a +0 club
 q - a +0 short sword
 D - a +2 whip of flaming (weapon)
 G - a +2 spear of flaming
 I - a +0 halberd
 K - a +3 quarterstaff of chaos
Missiles
 h - 126 stones (quivered)
 j - 13 sling bullets
Armour
 b - a +0 animal skin
 d - a +0 ring mail
 k - a +2 scale mail of magic resistance (melded)
 l - a +0 chain mail
 C - a +1 plate armour
 L - a +1 cloak of invisibility (melded)
Jewellery
 f - a ring of protection from cold (right branch)
 i - a ring of positive energy (left branch)
 J - an uncursed ring of ice
Wands
 w - a wand of flame (45/48)
Scrolls
 o - 2 scrolls of teleportation
 t - a scroll of enchant armour
 u - 3 scrolls of blinking
 v - a scroll of fog
 y - a scroll of identify
 z - 2 scrolls of immolation
 F - a scroll of recharging
 M - a scroll of enchant weapon
Potions
 n - a potion of mutation
 p - a potion of curing
 x - 3 potions of lignification
Comestibles
 c - a bread ration
 g - 6 chunks of flesh
 m - a meat ration
 B - 5 fruits


   Skills:
 + Level 8.2 Fighting
 + Level 8.2 Axes
 - Level 2.5 Armour
 - Level 2.3 Dodging


You had 6 spell levels left.
You didn't know any spells.

Dungeon Overview and Level Annotations

Branches:
Dungeon (5/15)
 Temple: D:4-7

Altars:
Fedhas

Shops:
D:5 [


Innate Abilities, Weirdness & Mutations

((You reflexively headbutt those who attack you in melee.))
((You have a pair of horns on your head.))
(You are partially covered in rugged brown scales. (AC +1, +3% HP))
Scrolls take you a little longer to read.


Message History

You are exhausted.
You feel yourself slow down.
You see here 2 arrows.
You turn into a tree.
Your +1 cloak of invisibility melds into your body.
Your +2 scale mail of magic resistance melds into your body.
You feel less resistant to hostile enchantments.
Your roots penetrate the ground.
The ogre hits you with a giant spiked club.
* * * LOW HITPOINT WARNING * * *
You hit the ogre. You burn the ogre.
The ogre is lightly wounded.
The ogre hits you with a giant spiked club!
* * * LOW HITPOINT WARNING * * *
The ogre barely misses you. The ogre hits you but does no damage.
The ogre hits you with a giant spiked club!
* * * LOW HITPOINT WARNING * * *
The ogre hits you with a giant spiked club!
You die...

#### #..# # ##### #8.###### #
#...###########.......# ######
###...#........8.∩.8(...##......
................................
..........÷......8.(.((..)......
................♣O..............
..............#....###..........
..............####.##...........
................ ...#...........
####................#.#.........
....................#.#.........
........####........#.#.........
.....#######.. .....#
..............


You could see an ogre.

Vanquished Creatures
  2 centaurs (D:5)
  A bullfrog (D:4)
  A gnoll sergeant (D:4)
  3 scorpions
  A howler monkey (D:4)
  A hound (D:4)
  Crazy Yiuf (D:4)
  A bullfrog skeleton (D:5)
  4 worker ants
  A killer bee zombie (D:4)
  A hound skeleton (D:5)
  8 gnolls
  3 adders
  A shadow imp (D:5)
  An ooze (D:1)
  An adder skeleton (D:4)
  A dart slug (D:4)
  2 leopard geckos
  4 orcs
  2 giant cockroaches (D:3)
  8 goblins
  3 hobgoblins
  A jackal (D:5)
  5 kobolds
  A quokka (D:5)
  2 ball pythons (D:3)
  5 bats
  3 frilled lizards
  A jackal zombie (D:5)
  5 rats
74 creatures vanquished.

Notes
Turn   | Place    | Note
-------+----------+-------------------------------------------
     0 | D:1      | DeathSoljah the Minotaur Berserker began the quest for the Orb.
     0 | D:1      | Reached XP level 1. HP: 19/19 MP: 0/0
   187 | D:1      | Reached XP level 2. HP: 25/27 MP: 1/1
  1000 | D:2      | Found a blossoming altar of Fedhas.
  1471 | D:3      | Reached XP level 3. HP: 33/33 MP: 2/2
  1777 | D:3      | Reached ** piety under Trog
  1986 | D:3      | Reached XP level 4. HP: 41/41 MP: 3/3
  1988 | D:3      | Reached skill level 5 in Fighting
  1988 | D:3      | Reached skill level 5 in Axes
  2613 | D:4      | Reached XP level 5. HP: 29/48 MP: 4/4
  2780 | D:4      | Reached XP level 6. HP: 14/57 MP: 5/5
  3085 | D:4      | Found a runed door.
  3089 | D:4      | Noticed Crazy Yiuf
  3096 | D:4      | Killed Crazy Yiuf
  3538 | D:4      | Reached XP level 7. HP: 64/66 MP: 6/6
  3764 | D:5      | Entered Level 5 of the Dungeon
  4146 | D:5      | Gained mutation: Scrolls take you a little longer to read. [potion of mutation]
  4146 | D:5      | Gained mutation: You are partially covered in rugged brown scales. (AC +1, +3% HP) [potion of mutation]
  4240 | D:5      | Found Utapumn's Armour Shoppe.
  4255 | D:5      | Bought a +2 scale mail of magic resistance for 252 gold pieces
  4293 | D:5      | Slain by an ogre

Vault maps used:
D:1:      lightli_arrival_noodles
D:2:      fedhas_altar_fruit_tree, serial_co_window_serial,
          co_window_of_opportunity_a, co_window_corner_a, co_window_corner_a,
          co_window_corner_a, co_window_paths_a, co_window_paths_b,
          co_window_of_opportunity_a, co_window_corner_ca, co_window_broadway_a,
          co_window_broadway_b, co_window_2corner, glass_columns_c,
          glass_columns_c, glass_columns_b, glass_columns_a
D:3:      kennysheep_cross_room
D:4:      grunt_decor_fettered, lightli_minifort, uniq_crazy_yiuf_cottage
D:5:      kennysheep_six_static_rooms, first_bread, serial_shops,
          nicolae_shop_statue_plus, uniq_menkaure, uniq_sigmund

Skill      XL: |  1  2  3  4  5  6  7 |
---------------+----------------------+-----
Axes           | 4 5 6 7 8 |  8.2
Fighting       | 4 5 6 7 8 |  8.2
Armour         | |  2.5
Dodging        | |  2.3

Action                   |  1- 3 |  4- 6 |  7- 9 || total
-------------------------+-------+-------+-------++-------
Melee: Hand axe          |    45 |       |       ||    45
       Headbutt          |    10 |    12 |    14 ||    36
       Whip              |    53 |    75 |    61 ||   189
Invok: Berserk           |     1 |     1 |     1 ||     3
  Use: Scroll            |       |     5 |     4 ||     9
       Potion            |       |     1 |     9 ||    10
 Stab: Distracted        |       |     1 |       ||     1
  Eat: Meat ration       |     1 |       |       ||     1
       Chunk             |       |     5 |     2 ||     7
Armor: Chain mail        |    33 |       |       ||    33
       Plate armour      |    38 |    46 |    36 ||   120
       Scale mail        |       |       |     2 ||     2
       Skin              |       |       |     1 ||     1
Dodge: Dodged            |    43 |    37 |    30 ||   110
